 Dungeon Crawl Stone Soup version 0.20-a0-1026-gc3ddcbd (webtiles) character file.

2153 JeffiDaFish the Cudgeler (level 9, 0/55 HPs)
             Began as a Gargoyle Fighter on Apr 20, 2017.
             Was a Priest of Okawaru.
             Slain by a wight
             ... wielding a +4 short sword
              (2 damage)
             ... on level 8 of the Dungeon.
             The game lasted 00:13:16 (5916 turns).

JeffiDaFish the Cudgeler (Gargoyle Fighter)         Turns: 5916, Time: 00:13:19

Health: 0/55       AC: 19    Str: 21    XL:     9   Next: 31%
Magic:  9/9        EV:  7    Int:  8    God:    Okawaru [***...]
Gold:   175        SH: 12    Dex: 12    Spells: 8/8 levels left

rFire    . . .     SeeInvis .   b - +0 flail
rCold    . . .     Gourm    .   c - +2 shield
rNeg     + . .     Faith    .   o - +0 chain mail
rPois    ∞         Spirit   .   (helmet restricted)
rElec    +         Reflect  .   p - +2 cloak
rCorr    .         Harm     .   (no gloves)
MR       .....     Clarity  +   (no boots)
Stlth    ..........             (no amulet)
Regen    0.2/turn               (no ring)
MPRegen  0.2/turn               (no ring)

@: no status effects
A: antennae 1, clarity, negative energy resistance 1, screaming 1, electricity
resistance, unbreathing, petrification resistance, rot immunity, AC +5
a: Heroism, Renounce Religion


You were on level 8 of the Dungeon.
You worshipped Okawaru.
Okawaru was most pleased with you.
You were not hungry.

You visited 1 branch of the dungeon, and saw 8 of its levels.

You collected 310 gold pieces.
You spent 135 gold pieces at shops.

Inventory:

Hand Weapons
 b - a +0 flail (weapon)
 l - a +0 whip of venom
Armour
 c - a +2 shield (worn)
 o - a +0 chain mail (worn)
 p - a +2 cloak (worn)
 s - a +0 helmet
Jewellery
 n - a +3 amulet of reflection
Scrolls
 a - 3 scrolls of remove curse
 e - 5 scrolls of teleportation
 g - 3 scrolls of blinking
 u - 2 scrolls of identify
 v - a scroll of recharging
Potions
 d - a potion of might
 i - a potion of haste
 m - a potion of flight
 q - a potion of curing
 t - a potion of agility
Comestibles
 f - 6 bread rations
 h - 2 meat rations
 j - 8 royal jellies
 k - 11 fruits


   Skills:
 + Level 6.2 Fighting
 + Level 7.5 Maces & Flails
 + Level 6.4 Armour
 + Level 2.5 Dodging
 + Level 0.2 Stealth
 + Level 6.9 Shields


You had 8 spell levels left.
You didn't know any spells.

Dungeon Overview and Level Annotations

Branches:
Dungeon (8/15)             Temple (0/1) D:7
   Lair: D:8-11

Altars:
Dithmenos
Gozag
Hepliaklqana
Kikubaaqudgha
Makhleb
Okawaru
Ru

Shops:
D:4 [


Innate Abilities, Weirdness & Mutations

You are resistant to torment.
Your stone body is resilient. (AC +5)
You are immune to poison.
You resist negative energy. (rN+)
You are resistant to electric shocks. (rElec)
You can survive without breathing.
You are immune to petrification.
You are immune to rotting.
You have a pair of small antennae on your head.
You possess an exceptional clarity of mind.
You occasionally shout uncontrollably at your foes.


Message History

The wight hits you with an enchanted short sword.
* * * LOW HITPOINT WARNING * * *
The wight completely misses you. You block the wight's attack.
You closely miss the wight. You block the wight's attack. x2
The wight barely misses you.
You sock the wight!
The wight is heavily damaged.
The wight hits you but does no damage. x2
You closely miss the wight.
The wight is heavily damaged.
You block the wight's attack. x2
The wight hits you with an enchanted short sword.
* * * LOW HITPOINT WARNING * * *
You feel better. You block the wight's attack.
The wight hits you from afar with a halberd of freezing.
* * * LOW HITPOINT WARNING * * *
The wight freezes you.
* * * LOW HITPOINT WARNING * * *
The wight hits you with an enchanted short sword.
You die...

...............
...............
...[.........
#..........
#........#
#........#
#....z...#
##z## #@z.#
#...## #....#
#....# #....##
#.....#
#####.##{ #.<#
#+# ##.## #.#


You could see 3 wights.

Vanquished Creatures
  Pikel (D:7)
  Sigmund (D:6)
  Menkaure (D:5)
  A slave (D:7)
  An orc warrior (D:7)
  A sky beast (D:5)
  A phantom (D:7)
  2 ogres
  2 centaurs
  2 bullfrogs
  2 scorpions
  2 wights (D:8)
  2 crimson imps
  3 jellies
  An orc wizard (D:5)
  A bullfrog skeleton (D:6)
  An iguana (D:5)
  6 worker ants
  A worker ant zombie (D:5)
  7 adders
  3 gnolls (D:4)
  A shadow imp (D:5)
  An ooze (D:4)
  A worm (D:3)
  3 dart slugs
  2 leopard geckos
  33 orcs
  2 giant cockroaches
  7 goblins
  6 hobgoblins
  4 jackals (D:4)
  2 quokkas
  5 bats
  2 frilled lizards
  8 kobolds
  A leopard gecko skeleton (D:5)
  A quokka skeleton (D:5)
  7 rats
128 creatures vanquished.

Notes
Turn   | Place    | Note
-------+----------+-------------------------------------------
     0 | D:1      | JeffiDaFish the Gargoyle Fighter began the quest for the Orb.
     0 | D:1      | Reached XP level 1. HP: 14/14 MP: 1/1
   383 | D:1      | Reached XP level 2. HP: 19/19 MP: 2/2
   536 | D:1      | Gained mutation: You possess an exceptional clarity of mind. [potion of mutation]
   536 | D:1      | Gained mutation: You occasionally shout uncontrollably at your foes. [potion of mutation]
   536 | D:1      | Gained mutation: You have a pair of small antennae on your head. [potion of mutation]
   991 | D:2      | Reached XP level 3. HP: 15/23 MP: 3/3
  1195 | D:2      | Found an ancient bone altar of Kikubaaqudgha.
  1196 | D:2      | Found an opulent altar of Gozag.
  1197 | D:2      | Found an iron altar of Okawaru.
  1198 | D:2      | Found a hazy altar of Hepliaklqana.
  1205 | D:2      | Became a worshipper of Warmaster Okawaru
  1544 | D:2      | Found a burning altar of Makhleb.
  1584 | D:2      | Found a shadowy altar of Dithmenos.
  1791 | D:3      | Reached XP level 4. HP: 25/29 MP: 4/4
  1992 | D:3      | Reached skill level 3 in Maces & Flails
  2021 | D:3      | Reached skill level 1 in Dodging
  2217 | D:3      | Found a faded altar of an unknown god.
  2318 | D:4      | Reached XP level 5. HP: 29/33 MP: 5/5
  2560 | D:4      | Noticed an ogre
  2576 | D:4      | Killed an ogre
  2576 | D:4      | Reached * piety under Okawaru
  2576 | D:4      | Reached skill level 4 in Maces & Flails
  2576 | D:4      | Reached XP level 6. HP: 15/38 MP: 6/6
  2868 | D:4      | Found Bofabrinn's Antique Armour Boutique.
  2876 | D:4      | Bought a glowing cloak for 135 gold pieces
  3053 | D:5      | Entered Level 5 of the Dungeon
  3156 | D:5      | Noticed Menkaure
  3165 | D:5      | Killed Menkaure
  3165 | D:5      | Reached skill level 5 in Shields
  3165 | D:5      | Reached XP level 7. HP: 21/44 MP: 7/7
  3169 | D:5      | Reached ** piety under Okawaru
  3172 | D:5      | Reached skill level 5 in Maces & Flails
  3646 | D:5      | Found a sacrificial altar of Ru.
  4128 | D:6      | Reached XP level 8. HP: 48/48 MP: 8/8
  4130 | D:6      | Noticed Sigmund
  4156 | D:6      | Killed Sigmund
  4156 | D:6      | Reached skill level 5 in Fighting
  4156 | D:6      | Reached skill level 5 in Armour
  4256 | D:6      | Reached skill level 6 in Maces & Flails
  4375 | D:6      | Reached *** piety under Okawaru
  4976 | D:7      | Noticed Pikel
  4995 | D:7      | Reached skill level 7 in Maces & Flails
  5026 | D:7      | Killed Pikel
  5026 | D:7      | Reached XP level 9. HP: 22/55 MP: 9/9
  5355 | D:7      | Found a staircase to the Ecumenical Temple.
  5916 | D:8      | HP: 2/55 [wight/halberd of freezing (3)]
  5916 | D:8      | Slain by a wight

Vault maps used:
D:1:      shiori_shiawase, minmay_door_square
D:2:      lemuel_coloured_pillars_altar, grunt_temple_overflow_open,
          grunt_dithmenos_smoke
D:3:      chequers_ecumenical_altar_twisty, guppyfry_early_orc_mine
D:4:      first_bread, serial_shops, nicolae_shop_trees
D:5:      nicolae_ru_path_of_blood, uniq_menkaure
D:6:      hangedman_decor_diamond_cutter, uniq_sigmund
D:7:      minmay_temple_entry_butterflies, uniq_pikel
D:8:      lair_entry_dummy, uniq_grum, uniq_prince_ribbit1, uniq_gastronok

Skill      XL: |  1  2  3  4  5  6  7  8 |
---------------+-------------------------+-----
Maces & Flails | 3 4 5 7 |  7.5
Dodging        | 1 2 |  2.5
Fighting       | 4 6 |  6.2
Shields        | 4 5 6 |  6.9
Armour         | 4 6 |  6.4
Stealth        | |  0.2

Action                   |  1- 3 |  4- 6 |  7- 9 || total
-------------------------+-------+-------+-------++-------
Melee: Flail             |   139 |    18 |     6 ||   163
       Whip              |       |   183 |   345 ||   528
  Use: Potion            |     6 |     3 |     3 ||    12
       Scroll            |     3 |     4 |     4 ||    11
  Eat: Chunk             |     3 |     5 |     9 ||    17
Armor: Scale mail        |    97 |    30 |       ||   127
       Chain mail        |       |    59 |   112 ||   171
Dodge: Dodged            |    49 |    53 |    66 ||   168
Block: Shield            |    88 |   104 |   138 ||   330
